 Dungeon Crawl Stone Soup version 0.14-a0-852-g0ba292f (webtiles) character file.

7230 PolkaDot the Infuser (level 10, 0/63 HPs)
             Began as a Vampire Conjurer on Nov 15, 2013.
             Was a Priest of Sif Muna.
             Slain by an orc wizard
             ... wielding a +1,+4 orcish dagger
              (10 damage)
             ... on Level 9 of the Dungeon.
             The game lasted 01:19:53 (12174 turns).

PolkaDot the Infuser (Vampire Conjurer)            Turns: 12174, Time: 01:19:53

HP   0/63        AC  9     Str 11      XL: 10   Next: 73%
MP  12/15        EV 12     Int 20      God: Sif Muna [***...]
Gold 574         SH  0     Dex 14      Spells:  4 memorised,  0 levels left

Res.Fire  : . . .   See Invis. : +   t - staff of conjuration
Res.Cold  : + + .   Warding    : .   a - +0 robe
Life Prot.: + + +   Conserve   : .   (no shield)
Res.Poison: +       Res.Corr.  : .   b - +2 wizard hat
Res.Elec. : .       Clarity    : .   m - +2 dwarf cloak
Sust.Abil.: . .     Spirit.Shd : .   r - +0 pair of gauntlets
Res.Mut.  : .       Stasis     : .   w - +0 pair of boots
Res.Rott. : +       Flight     : .   (no amulet)
Saprovore : . . .                    (no ring)
                                     e - +4 ring of strength

@: non-regenerating, somewhat resistant to hostile enchantments, stealthy
A: bottle blood, fangs 3, see invisible, unbreathing
a: Bat Form, Bottle Blood, Channel Energy, Forget Spell, Renounce Religion


You were on level 9 of the Dungeon.
You worshipped Sif Muna.
Sif Muna was most pleased with you.
You were bloodless.

You visited 2 branches of the dungeon, and saw 10 of its levels.
You also visited: Sewer, Ossuary and Bailey.

You collected 574 gold pieces.

Inventory:

Hand weapons
 H - a +1,+0 vampiric spear
Armour
 a - a +0 robe (worn)
 b - a +2 wizard hat (worn)
 m - a +2 dwarven cloak (worn)
 r - a +0 pair of gauntlets (worn)
 w - a +0 pair of boots (worn)
 J - the +3 fire dragon armour "Haosm" {rElec rF++ rC-}
   (You found it in a bailey)

   It greatly protects you from fire.
   It makes you vulnerable to cold.
   It insulates you from electricity.
 K - the -6 shield "Sywnamel" {+Fly, unknown}
   (You found it in a bailey)

   It lets you fly.
Magical devices
 y - a wand of magic darts (6)
Scrolls
 d - a scroll of curse jewellery {unknown}
 i - a scroll of immolation
 p - 6 scrolls of teleportation
 q - 3 scrolls of enchant weapon II
 u - 11 scrolls of remove curse
 v - 4 scrolls of fear
 x - a scroll of amnesia
 G - a scroll of enchant armour
Jewellery
 e - a +4 ring of strength (left hand)
Potions
 g - a potion of might
 j - a potion of brilliance
 l - 2 potions of magic
 n - 4 potions of curing
 z - a potion of agility
 A - 2 potions of restore abilities
 B - a potion of beneficial mutation
 C - a potion of speed
 D - a potion of slowing {unknown}
 E - a potion of mutation {unknown}
 F - 2 potions of strong poison {unknown}
 I - a potion of flight {unknown}
Books
 c - a book of Conjurations

   Spells                             Type                      Level
   *Magic Dart                        Conjuration                  1
   *Searing Ray                       Conjuration                  2
   Dazzling Spray                     Conjuration/Hexes            3
   *Iskenderun's Mystic Blast         Conjuration                  4
   *Iskenderun's Battlesphere         Conjuration/Charms           4
   Fulminant Prism                    Conjuration/Hexes            5
 k - a book of the Warp

   Spells                             Type                      Level
   Recall                             Summoning/Translocation      3
   Control Teleport                   Charms/Translocation         4
   Phase Shift                        Translocation                5
   Warp Weapon                        Charms/Translocation         5
   Dispersal                          Translocation                6
   Controlled Blink                   Translocation                7
   Disjunction                        Translocation                8
Magical staves
 t - an uncursed staff of conjuration (weapon)


   Skills:
 - Level 2.1 Dodging
 - Level 3.0 Stealth
 - Level 1.0 Spellcasting
 + Level 9.6 Conjurations
 * Level 12.2 Charms


You couldn't memorise any spells.
You knew the following spells:

 Your Spells              Type           Power        Failure   Level  Hunger
a - Magic Dart            Conj           ####         1%          1    ##.....
d - Iskenderun's Mystic   Conj           ######..     4%          4    #####..
s - Searing Ray           Conj           ######       1%          2    ###....
z - Iskenderun's Battles  Conj/Chrm      ######..     1%          4    #####..


Dungeon Overview and Level Annotations

Branches:
Dungeon (9/16)             Temple (1/1) D:7             Orc (0/4) D:7
   Lair (0/8) D:9

Altars:
Ashenzari
Cheibriados
Elyvilon
Fedhas
Kikubaaqudgha
Makhleb
Nemelex Xobeh
Okawaru
Sif Muna
Trog
Vehumet
Xom
Yredelemnul
the Shining One


Innate Abilities, Weirdness & Mutations

You do not heal naturally.
You can bottle blood from corpses.
You have razor-sharp teeth.*
You have supernaturally acute eyesight.
You can survive without breathing.*


Message History

* * * LOW HITPOINT WARNING * * *
Drink which item? (? for menu, Esc to quit)
Okay, then.
Read which item? (? for menu, Esc to quit)
As you read the scroll of fog, it crumbles to dust.
The scroll dissolves into smoke.
Drink which item? (? for menu, Esc to quit)
You feel better.
You start waiting.
Casting: Magic Dart
Confirm with . or Enter, or press ? or * to list all spells.
Aiming: Searing Ray
Press: ? - help, Shift-Dir - straight line, f/p - orc wizard
Aim: an orc wizard, wielding a runed orcish dagger and wearing an orcish robe (purple smoke, moderately wounded)
You feel a surge of power!
The searing ray hits the orc wizard.
The orc wizard is heavily wounded.
The searing ray hits the orc wizard.
The orc wizard is heavily wounded.
The orc wizard hits you with a runed orcish dagger!
You die...

***###
###########################....#*
...............§§o§§§§§....o#,,,,
......##.(.....§@##########..#, ,
...........#####§###,,,,,,,*,.o#,
......##...#,#...#.#**,,,*,,,*,.,
......##...#,#[###.#**,*,,,*,,,*,
......##...#.#.#)#.#,,,,, ,,,*,,,
......##...#.#.###.#*,,*, ,*,,,*,
......####.#.#...#.#**,,,*,,,*,,,
...........#.###.#.#,,,*,,,*,,,*,
...........#.#)#.#.#,,,,,*,,,*,,,


You could see an orc wizard.

Vanquished Creatures
  2 orc knights
  A fire drake (D:9)
  Prince Ribbit (D:5)
  2 hippogriffs
  Eustachio (D:4)
  A vampire mosquito (D:8)
  Edmund (D:5)
  3 necrophages
  4 ogres
  6 orc warriors
  A black bear (D:7)
  3 ice beasts
  A phantom (D:5)
  A centaur (D:8)
  8 giant frogs
  A gnoll sergeant (D:4)
  11 killer bees (D:7)
  A hippogriff skeleton (D:6)
  3 crimson imps
  A water moccasin zombie (D:8)
  A giant frog zombie (D:5)
  A goliath beetle (D:7)
  A gnoll shaman (D:8)
  6 jellies
  Crazy Yiuf (D:4)
  A giant frog skeleton (D:6)
  3 scorpions
  4 hounds
  7 orc wizards
  An iguana (D:5)
  4 orc priests
  A quasit (D:9)
  3 worker ants
  An orange rat (D:7)
  A big kobold zombie (Ossuary)
  An ogre skeleton (D:5)
  4 mummies
  9 adders
  19 gnolls
  7 green rats
  10 giant mites
  5 worms
  A shadow imp (D:4)
  A human zombie (Ossuary)
  7 grey rats
  5 giant eyeballs
  An ooze (D:2)
  30 orcs
  10 bats
  2 gnoll zombies (Ossuary)
  16 goblins
  9 hobgoblins
  11 jackals
  9 kobolds
  3 quokkas
  10 ball pythons
  21 giant cockroaches
  A giant cockroach zombie (D:6)
  14 giant geckos
  A giant gecko zombie (D:6)
  19 giant newts
  2 goblin zombies
  A hobgoblin skeleton (D:8)
  3 hobgoblin zombies
  2 kobold zombies (Ossuary)
  An orc zombie (Ossuary)
  23 rats
  A rat skeleton (D:4)
348 creatures vanquished.

Vanquished Creatures (others)
  An orc wizard (D:5)
1 creature vanquished.

Grand Total: 349 creatures vanquished

Notes
Turn   | Place    | Note
--------------------------------------------------------------
     0 | D:1      | PolkaDot, the Vampire Conjurer, began the quest for the Orb.
     0 | D:1      | Reached XP level 1. HP: 13/13 MP: 4/4
   691 | D:1      | Reached XP level 2. HP: 19/19 MP: 2/5
   824 | D:1      | Learned a level 2 spell: Searing Ray
  1191 | D:2      | Reached XP level 3. HP: 21/24 MP: 6/6
  1381 | D:2      | Reached skill level 4 in Conjurations
  1388 | D:2      | Reached XP level 4. HP: 3/30 MP: 2/8
  2523 | D:3      | Reached XP level 5. HP: 29/35 MP: 1/9
  2863 | D:3      | Reached skill level 5 in Conjurations
  3080 | D:4      | Found a blossoming altar of Fedhas.
  3108 | D:4      | Paralysed by a giant eyeball for 4 turns
  3145 | D:5      | Entered Level 5 of the Dungeon
  3168 | D:5      | Paralysed by a giant eyeball for 3 turns
  3237 | D:5      | Noticed Edmund
  3254 | D:5      | Reached XP level 6. HP: 37/41 MP: 6/10
  3283 | D:5      | Killed Edmund
  3283 | D:5      | Reached skill level 6 in Conjurations
  3489 | D:5      | Found a glowing drain.
  3519 | Sewer    | Entered a sewer
  3859 | Sewer    | Reached XP level 7. HP: 44/46 MP: 11/11
  3945 | Sewer    | Learned a level 4 spell: Iskenderun's Battlesphere
  4022 | Sewer    | Reached skill level 7 in Conjurations
  4649 | D:5      | Got a pitted marble ring
  4657 | D:5      | Identified the ring of Apnum {rC+ Dex+3 Int-2} (You found it on level 5 of the Dungeon)
  4677 | D:5      | Reached skill level 1 in Charms
  4752 | D:5      | Paralysed by a giant eyeball for 2 turns
  4756 | D:5      | Noticed Prince Ribbit
  4756 | D:5      | Paralysed by a giant eyeball for 4 turns
  4772 | D:5      | Paralysed by a giant eyeball for 2 turns
  4775 | D:5      | Paralysed by a giant eyeball for 3 turns
  4778 | D:5      | Killed Prince Ribbit
  4778 | D:5      | Reached XP level 8. HP: 21/52 MP: 3/13
  4849 | D:5      | Found a basalt altar of Yredelemnul.
  4849 | D:5      | Found a blossoming altar of Fedhas.
  4973 | D:5      | Noticed a phantom
  5094 | D:5      | Killed a phantom
  5448 | D:6      | Paralysed by a giant eyeball for 4 turns
  5452 | D:6      | Reached skill level 5 in Charms
  6112 | D:6      | Reached skill level 8 in Conjurations
  6885 | D:4      | Noticed an ogre
  6922 | D:4      | Killed an ogre
  6976 | D:4      | Noticed Eustachio
  7072 | D:4      | Killed Eustachio
  7072 | D:4      | Reached XP level 9. HP: 23/57 MP: 3/14
  7328 | D:4      | Noticed an ice beast
  7335 | D:4      | Killed an ice beast
  7510 | D:4      | Noticed Crazy Yiuf
  7513 | D:4      | Killed Crazy Yiuf
  7582 | D:6      | Paralysed by a giant eyeball for 2 turns
  7585 | D:6      | Paralysed by a giant eyeball for 4 turns
  7876 | D:7      | Reached skill level 9 in Charms
  7902 | D:7      | Found a staircase to the Ecumenical Temple.
  7934 | Temple   | Entered the Ecumenical Temple
  8034 | Temple   | Became a worshipper of Sif Muna the Loreminder
  8396 | D:7      | HP: 2/57 [orc priest/divine providence (12)]
  8514 | D:7      | Acquired Sif Muna's first power
  8693 | D:7      | Found a staircase to the Orcish Mines.
  8960 | D:7      | Reached skill level 10 in Charms
  9186 | D:8      | Reached XP level 10. HP: 63/63 MP: 11/15
  9206 | D:8      | Found a sand-covered staircase.
  9224 | Ossuary  | Entered an ossuary
  9820 | D:8      | Acquired Sif Muna's second power
 10110 | D:8      | Reached skill level 11 in Charms
 10496 | D:8      | Noticed an orc knight
 10583 | D:8      | HP: 2/63 [orc knight/orcish great mace (17)]
 10584 | D:8      | Killed an orc knight
 11195 | D:9      | Found a staircase to the Lair.
 11357 | D:9      | Found a flagged portal.
 11368 | Bailey   | Entered a bailey
 11615 | Bailey   | Noticed an orc knight
 11662 | Bailey   | Reached skill level 12 in Charms
 11665 | Bailey   | Somebody: Hi. Interesting title you have there. To what skill does it relate?
 11665 | Bailey   | PolkaDot: good question
 11665 | Bailey   | PolkaDot: Charms ^_^
 11668 | Bailey   | Somebody: Charms... Never seem that on one of my characters, interesting.
 11670 | Bailey   | PolkaDot: Well, Vp conj apt is -3, so I'm using it as an offensive buff
 11670 | Bailey   | PolkaDot: battlesphere ftw
 11670 | Bailey   | Somebody: Makes sense, it's quite powerful.
 11670 | Bailey   | Somebody: I was asking on IRC earlier, how good are vampiric weapons, if you are not a vampire?
 11670 | Bailey   | PolkaDot: Good, but not as a swappable weapon, iirc
 11670 | Bailey   | PolkaDot: I'm pretty it costs food to either wield or unwield, but I've forgotten which
 11670 | Bailey   | Somebody: It makes a lot of sense, but I would expected a melee-oriented character to hold onto a better base weapon type, vampiric effect, or not.
 11670 | Bailey   | PolkaDot: Well
 11670 | Bailey   | Somebody: You have to be full or higher to wield it if you are not a vampire, and you hunger more. Vampires can ignore this with impunity.
 11670 | Bailey   | Somebody: ...if I'm not mistaken.
 11670 | Bailey   | PolkaDot: Yeah, sounds about right
 11670 | Bailey   | Somebody: ...so you can swap it if you'd like to.
 11670 | Bailey   | Somebody: ...but what about base weapon type, isn't spear really bad one?
 11670 | Bailey   | PolkaDot: yeah, pretty bad
 11670 | Bailey   | PolkaDot: well
 11670 | Bailey   | PolkaDot: it's fast, which is good
 11670 | Bailey   | PolkaDot: but there are weapons with better damage dealing capabilities
 11670 | Bailey   | Somebody: Right. How do you like vampires yourself? I am thinking of playing one, maybe as an VpEn...
 11670 | Bailey   | PolkaDot: VpEn is da bomb :D
 11670 | Bailey   | PolkaDot: I'm slightly obsessed lol
 11670 | Bailey   | PolkaDot: Food clock isn't an issue and you get resists on demand :p
 11670 | Bailey   | PolkaDot: Though healing can be issue at Thirsty and under
 11670 | Bailey   | PolkaDot: And watch out for Holy wepaons, because OUCH
 11670 | Bailey   | Somebody: :)
 11670 | Bailey   | Somebody: I think I might do that, if I don't play as VpEn. How good that might, if as undead you can't use some of the better Necromancy spells?
 11670 | Bailey   | PolkaDot: ??
 11670 | Bailey   | PolkaDot: Like DD and Necromut?
 11670 | Bailey   | PolkaDot: I don't quite get what you're asking there >.>
 11673 | Bailey   | Somebody: Yes, this.
 11673 | Bailey   | Somebody: Also Borg's, I think.
 11673 | Bailey   | PolkaDot: Yeah, that too
 11673 | Bailey   | Somebody: Oh, you have bMut.
 11673 | Bailey   | PolkaDot: which I will NOT take yet
 11673 | Bailey   | Somebody: You can quaff that safely when you are Full or better, right?
 11673 | Bailey   | PolkaDot: relatively...
 11673 | Bailey   | Somebody: I see.
 11673 | Bailey   | PolkaDot: anything less than Alive has a chance of rot
 11673 | Bailey   | PolkaDot: see there
 11673 | Bailey   | Somebody: A-ha.
 11673 | Bailey   | PolkaDot: But yeah, can you rephrase that question?
 11871 | Bailey   | Somebody: Necromutation and Death's Door, if you can't use them I doubt you have much of a point to be a Necromancer.
 11871 | Bailey   | PolkaDot: :o
 11871 | Bailey   | Somebody: I don't think I can paraphrase that any more. :)
 11871 | Bailey   | PolkaDot: silly moose, Necromancy has LOADS of useful spells
 11871 | Bailey   | PolkaDot: Animate dead is fun, because armies are fun
 11871 | Bailey   | PolkaDot: Simulacrum is amazing!
 11871 | Bailey   | Somebody: I would know that, but it is akin to playing a FE when you cannot cast Fire Storm in the end...
 11871 | Bailey   | PolkaDot: Psh
 11871 | Bailey   | Somebody: ...defeats much of the point.
 11871 | Bailey   | PolkaDot: I disagree
 11871 | Bailey   | PolkaDot: VpEn of Kiku is an excellent build :p
 11871 | Bailey   | Somebody: It is a matter of personal preference too, I imagine.
 11871 | Bailey   | PolkaDot: Always :)
 11885 | Bailey   | Somebody: I think it may be part of the point that my transhumanist sympathies have always made me be enamoured with Necromutation and Death's Door. ;)
 11885 | Bailey   | Somebody: Ooh, Warp weapon.
 11885 | Bailey   | Somebody: You would like to become a bit of a Skald, then?
 11885 | Bailey   | PolkaDot: Book of Warp is good book
 11885 | Bailey   | PolkaDot: Nah
 11885 | Bailey   | Somebody: Thanks, it was interesting. I'll watch silently for a bit more.
 11885 | Bailey   | PolkaDot: I tried skald once upon a time, I can see how it'd work, but I don't really feel like bothering atm
 11885 | Bailey   | PolkaDot: 'kay
 11893 | Bailey   | Learned a level 4 spell: Iskenderun's Mystic Blast
 11913 | Bailey   | Killed an orc knight
 12015 | Bailey   | Got an ichor-stained fire dragon armour
 12016 | Bailey   | Identified the +3 fire dragon armour "Haosm" {rElec rF++ rC-} (You found it in a bailey)
 12019 | Bailey   | Got a faintly humming shield
 12174 | D:9      | Slain by an orc wizard

Action                   |  1- 3 |  4- 6 |  7- 9 | 10-12 || total
-------------------------+-------+-------+-------+-------++-------
Melee: Unarmed           |    20 |       |       |       ||    20
       Dagger            |    60 |       |       |       ||    60
       Short sword       |     6 |    49 |       |       ||    55
       Spear             |       |   240 |   433 |   102 ||   775
 Cast: Magic Dart        |    31 |    34 |    19 |    41 ||   125
       Searing Ray       |     3 |    13 |    65 |    49 ||   130
       Iskenderun's Batt |       |       |    12 |    11 ||    23
       Iskenderun's Myst |       |       |       |     2 ||     2
Invok: Channel Energy    |       |       |    14 |    80 ||    94
  Use: Potion            |     3 |     4 |     8 |     3 ||    18
       Scroll            |       |     4 |     8 |    15 ||    27
 Stab: Sleeping          |     2 |     3 |     9 |     2 ||    16
       Invisible         |       |     2 |       |       ||     2
       Distracted        |       |       |     1 |     2 ||     3
